 Dungeon Crawl Stone Soup version 0.23-a0-808-gd21de94 (webtiles) character file.

282 Hydrazoo the Insei (level 6, 0/41 HPs)
             Began as an Octopode Transmuter on Jan 20, 2019.
             Slain by an orc
             ... wielding a +0 hand axe of electrocution
              (17 damage)
             ... on level 4 of the Dungeon.
             The game lasted 00:07:47 (4777 turns).

Hydrazoo the Insei (Octopode Transmuter)            Turns: 4777, Time: 00:07:48

Health: 0/41       AC:  2    Str: 10    XL:     6   Next: 28%
Magic:  7/9        EV: 21    Int: 15    God:
Gold:   194        SH:  0    Dex: 19    Spells: 5/9 levels left

rFire    + . .     SeeInvis .     - Unarmed
rCold    . . .     Gourm    .   (shield currently unavailable)
rNeg     . . .     Faith    .   (helmet currently unavailable)
rPois    x         Spirit   .   (no amulet)
rElec    .         Reflect  .   m - ring of protection from fire
rCorr    .         Harm     .   (no ring)
MR       .....                  (no ring)
Stlth    ++........             (no ring)
HPRegen  0.13/turn              (no ring)
MPRegen  0.11/turn              (no ring)
                                (no ring)
                                (no ring)

@: spider-form (expiring)
A: tiny, almost no armour, stealthy swim, (amphibious), 8 rings, (constrict 8)
a: End Transformation


You were on level 4 of the Dungeon.
You were very hungry.
You were a venomous arachnid creature.
You visited 1 branch of the dungeon, and saw 4 of its levels.

You collected 194 gold pieces.

Inventory:

Missiles
 a - 35 arrows
Jewellery
 g - an uncursed ring of ice
 i - an uncursed amulet of faith
 m - a ring of protection from fire (left front leg)
Scrolls
 d - a scroll of teleportation {unknown}
 e - a scroll of random uselessness {unknown}
 f - 4 scrolls of identify {unknown}
 j - a scroll of fear {unknown}
Potions
 b - a potion of curing
 h - a potion of agility {unknown}
 k - a potion of resistance {unknown}
Comestibles
 c - 9 rations


   Skills:
 + Level 2.6 Fighting
 + Level 3.2 Dodging
 * Level 4.2 Unarmed Combat
 - Level 2.0 Spellcasting
 + Level 3.9 Transmutations
 - Level 1.4 Poison Magic


You had 5 spell levels left.
You knew the following spells:

 Your Spells              Type           Power        Failure   Level  Hunger
a - Beastly Appendage     Tmut           ##....       13%         1    #......
b - Spider Form           Tmut/Pois      #.........   43%         3    ###....

Your spell library contained the following spells:

 Spells                   Type           Power        Failure   Level  Hunger
 Sticks to Snakes         Tmut           ##......     19%         2    ###....
 Ice Form                 Ice/Tmut       #.......     86%         4    #####..
 Blade Hands              Tmut           ##........   90%         5    ######.


Dungeon Overview and Level Annotations

Branches:
Dungeon (4/15)
 Temple: D:4-7

Altars:
Fedhas
Nemelex Xobeh
Okawaru
Xom
Yredelemnul
Zin

Annotations:
D:3 1 runed door, Sigmund


Innate Abilities, Weirdness & Mutations

You cannot wear most types of armour.
You are very stealthy in the water. (Stealth+)
((You are amphibious.))
You can wear up to eight rings at the same time.
((You can use your tentacles to constrict eight enemies at once.))
((Your skin changes colour to match your surroundings (Stealth+).))
((Your rubbery body absorbs attacks. (AC +1, EV +1)))


Message History

You hit the orc.
The orc is moderately wounded.
The orc completely misses you. The orc misses you.
You hit the orc.
The orc is poisoned.
The orc is severely wounded.
The orc completely misses you.
The orc priest calls down the wrath of Beogh upon you.
Beogh smites you! The orc completely misses you.
You hit the orc but do no damage.
The orc looks as sick as possible!
The orc is severely wounded.
The orc misses you.
You hit the orc.
You kill the orc! x2
Unknown command.
Your transformation is almost over.
You hit the orc.
The orc is poisoned.
The orc is moderately wounded.
The orc hits you with a +0 hand axe of electrocution!
You are electrocuted!
You die...

#<#..........#
###..........#
..............########
#####.................
#.................
#########.........
#.........
#########.........
.......so.........
#########.o.......
#.........
...oo.[)....###
###########.# ... .##


You could see an orc priest and an orc.

Vanquished Creatures
  2 orc wizards
  Natasha (twice) (D:3)
  Robin (D:3)
  3 adders
  2 oozes
  An adder skeleton (D:3)
  3 dart slugs
  9 orcs
  A giant cockroach (D:2)
  19 goblins
  8 hobgoblins
  16 jackals
  A quokka (D:3)
  2 ball pythons
  15 bats
  6 frilled lizards
  10 kobolds
  11 rats
112 creatures vanquished.

Notes
Turn   | Place    | Note
-------+----------+-------------------------------------------
     0 | D:1      | Hydrazoo the Octopode Transmuter began the quest for the
                  | Orb.
     0 | D:1      | Reached XP level 1. HP: 13/13 MP: 3/3
   237 | D:1      | Reached XP level 2. HP: 8/18 MP: 3/5
  1123 | D:1      | Reached XP level 3. HP: 23/23 MP: 6/6
  1130 | D:1      | Learned a level 3 spell: Spider Form
  2078 | D:2      | Reached XP level 4. HP: 29/29 MP: 7/7
  2105 | D:2      | Reached skill level 1 in Poison Magic
  2284 | D:2      | Found a shimmering altar of Xom.
  2285 | D:2      | Found a basalt altar of Yredelemnul.
  2286 | D:2      | Found an iron altar of Okawaru.
  2696 | D:2      | Reached XP level 5. HP: 34/34 MP: 8/8
  2754 | D:2      | Found a blossoming altar of Fedhas.
  3227 | D:3      | Noticed Robin
  3238 | D:3      | Killed Robin
  3452 | D:3      | Found a glowing silver altar of Zin.
  3797 | D:3      | Found a sparkling altar of Nemelex Xobeh.
  3826 | D:3      | Noticed Sigmund
  3958 | D:3      | Found a runed door.
  4060 | D:3      | Reached skill level 4 in Unarmed Combat
  4063 | D:3      | Reached XP level 6. HP: 34/41 MP: 6/9
  4139 | D:3      | Noticed Natasha
  4146 | D:3      | Killed Natasha
  4431 | D:3      | Noticed Natasha
  4446 | D:3      | Killed Natasha
  4777 | D:4      | Slain by an orc

Vault maps used:
D:1:      elethiomel_arrival_maze, serial_corexii_hall,
          chequers_hall_statues_corner_a, corexii_hall_statues_t
D:2:      fedhas_ov_isle_minmay, chequers_temple_overflow_statue_of_worship,
          first_ration
D:3:      kb_forest_paths, lemuel_doored_altar, lemuel_round_altar,
          uniq_sigmund, uniq_natasha, uniq_robin, uniq_crazy_yiuf_cottage
D:4:      serial_shops, nicolae_shop_trees, minivault_11

Skill      XL: |  1  2  3  4  5 |
---------------+----------------+-----
Transmutations | 3 |  3.9
Poison Magic   | 1 |  1.4
Fighting       | 2 |  2.6
Dodging        | 3 |  3.2
Unarmed Combat | 4 |  4.2
Spellcasting   | |  2.0

Action                   |  1- 3 |  4- 6 || total
-------------------------+-------+-------++-------
Melee: Unarmed           |    83 |   197 ||   280
       Constrict         |    18 |    22 ||    40
       Tentacles         |    12 |    13 ||    25
       Punch             |     4 |     4 ||     8
       Kick              |     3 |       ||     3
 Cast: Beastly Appendage |     2 |       ||     2
       Spider Form       |     4 |    16 ||    20
 Stab: Sleeping          |     3 |     6 ||     9
  Eat: Chunk             |     2 |     9 ||    11
       Ration            |     1 |       ||     1
Armor: Skin              |     9 |    28 ||    37
Dodge: Dodged            |    49 |   196 ||   245

Table legend:
 A = Non-vault XP
 B = Vault XP
 C = Vault XP percentage of total XP
 D = Non-vault monster count
 E = Vault monster count
 F = Vault count percentage of total count
                 A         B        C        D         E       F
            +---------+---------+-------+---------+---------+-------
      Total |     321 |      82 |  20.3 |      97 |      15 |  13.4
            +---------+---------+-------+---------+---------+-------
        D:1 |      53 |       0 |   0.0 |      29 |       0 |   0.0
        D:2 |     119 |       0 |   0.0 |      30 |       0 |   0.0
        D:3 |     143 |      82 |  36.4 |      36 |      15 |  29.4
        D:4 |       6 |       0 |   0.0 |       2 |       0 |   0.0
            +---------+---------+-------+---------+---------+-------
